 Dungeon Crawl Stone Soup version 0.27.0-1-g7a089689b8 (webtiles) character file.

Game seed: 15605378942607572551

2 oldmanjim the Ducker (level 1, -3/12 HPs)
             Began as a Deep Elf Gladiator on Aug 3, 2021.
             Slain by a gnoll (8 damage)
             ... on level 1 of the Dungeon.
             The game lasted 00:01:17 (152 turns).

oldmanjim the Ducker (Deep Elf Gladiator)            Turns: 152, Time: 00:01:17

Health: -3/12      AC:  4    Str: 11    XL:     1   Next: 33%
Magic:  3/3        EV: 13    Int: 12    God:
Gold:   69         SH:  0    Dex: 16    Spells: 0/0 levels left

rFire    . . .     SeeInvis .   a - +0 quarterstaff
rCold    . . .     Faith    .   (shield currently unavailable)
rNeg     . . .     Spirit   .   b - +0 leather armour
rPois    .         Reflect  .   c - +0 helmet
rElec    .         Harm     .   (no cloak)
rCorr    .         Rampage  .   (no gloves)
Will     .....                  (no boots)
Stlth    +.........             (no amulet)
HPRegen  0.04/turn              (no ring)
MPRegen  0.08/turn              (no ring)

@: no status effects
A: no striking features
a: no special abilities


You were on level 1 of the Dungeon.
You visited 1 branch of the dungeon, and saw 1 of its levels.

You collected 69 gold pieces.

Inventory:

Hand Weapons
 a - a +0 quarterstaff (weapon)
Missiles
 d - 3 throwing nets (quivered)
Armour
 b - a +0 leather armour (worn)
 c - a +0 helmet (worn)
Scrolls
 e - a scroll of teleportation {unknown}
Potions
 f - a potion of ambrosia {unknown}


   Skills:
 * Level 1.6 Fighting
 + Level 3.0 Staves
 - Level 2.0 Throwing
 + Level 3.6 Dodging
 + Level 0.2 Stealth


You couldn't memorise any spells.
You didn't know any spells.
Your spell library was empty.

Dungeon Overview and Level Annotations

Branches:
Dungeon (1/15)

Altars:


Message History

You hit the frilled lizard but do no damage.
The frilled lizard barely misses you.
You hit the frilled lizard.
You kill the frilled lizard!
No target in view!
No target in view!
You now have 45 gold pieces (gained 16).
You now have 60 gold pieces (gained 15).
A ball python comes into view.
The ball python hisses angrily.
Found a club.
The ball python bites you. The ball python grabs you.
The ball python constricts you. The ball python barely misses you.
The ball python constricts you.
Found a stone staircase leading down.
You hit the ball python but do no damage.
The ball python bites you but does no damage.
The ball python constricts you.
You thump the ball python!
You kill the ball python!
No target in view!
No target in view!
HP restored.
You now have 69 gold pieces (gained 9).
A gnoll comes into view. It is wielding a +0 spear.
The gnoll shouts!
A ball python comes into view.
A ball python comes into view.
A bat comes into view.
The bat moves out of view.
The ball python hisses angrily.
The gnoll hits you from afar with a +0 spear.
The bat barely misses you. The bat closely misses you.
The gnoll hits you with a +0 spear.
You barely miss the gnoll. The bat misses you.
The bat hits you but does no damage. The gnoll hits you with a +0 spear.
You hit the gnoll but do no damage. The bat hits you but does no damage.
The gnoll hits you with a +0 spear!
Ouch! That really hurt!
You die...

#....# #....# #### #....# .
... #....# ..
###.####....######. ...
................>.. ....
.......#....##########.....
....##......#######S.......
...............g@b..#
....####.......######
##.......##.##....# #
#.#####......###...### ..
......#.#####....
..#####.......## )..
###...#.... .... #...# # ..
#...#####


You could see a gnoll, a bat and a ball python.

Vanquished Creatures
  A goblin (D:1)
  A ball python (D:1)
  A frilled lizard (D:1)
3 creatures vanquished.

Notes
Turn   | Place    | Note
-------+----------+-------------------------------------------
     0 | D:1      | oldmanjim the Deep Elf Gladiator began the quest for the
                  | Orb.
     0 | D:1      | Reached XP level 1. HP: 12/12 MP: 3/3
   152 | D:1      | Slain by a gnoll

Illustrated notes

Levels and vault maps discovered:
D:1:      kennysheep_arrival_seaside, layout_rooms,
          hellmonk_ecumenical_altar_watching_god, grunt_decor_mini_mirrors,
          minmay_misc_feat_doors, minmay_misc_feat_iff

Action                   || total
-------------------------++-------
Melee: Quarterstaff      ||     9
Armor: Leather armour    ||     4
Dodge: Dodged            ||     7
